 Dungeon Crawl Stone Soup version 0.19.1 (webtiles) character file.

13 Gargoyl the Skirmisher (level 2, 24/24 HPs)
             Began as a Demonspawn Abyssal Knight on Nov 27, 2016.
             Was a Follower of Lugonu.
             Quit the game on level 1 of the Dungeon.
             The game lasted 00:01:35 (665 turns).

Gargoyl the Skirmisher (Demonspawn Abyssal Knight)   Turns: 665, Time: 00:01:36

Health: 24/24      AC:  3    Str: 12    XL:     2   Next: 24%
Magic:  3/3        EV: 11    Int: 13    God:    Lugonu [*.....]
Gold:   97         SH:  0    Dex: 12    Spells: 0 memorised, 1 level left

rFire  . . .     SeeInvis .     a - +1 hand axe
rCold  . . .     Gourm    .     b - +0 leather armour
rNeg   . . .     Faith    .     (no shield)
rPois  .         Spirit   .     (no helmet)
rElec  .         Reflect  .     (no cloak)
rCorr  .         Harm     .     (no gloves)
MR     .....                    (no boots)
Stlth  +.........               (no amulet)
                                (no ring)
                                (no ring)

@: no status effects
A: claws 1
a: Depart the Abyss, Renounce Religion


You were on level 1 of the Dungeon.
You worshipped Lugonu.
Lugonu was aware of your devotion.
You were not hungry.

You visited 1 branch of the dungeon, and saw 1 of its levels.
You visited the Abyss 1 time.

You collected 97 gold pieces.

Inventory:

Hand Weapons
 a - a +1 hand axe (weapon)
 f - a +0 trident
Armour
 b - a +0 leather armour (worn)
Rods
 d - a +0 lightning rod (11/11)
   (You found it on level 2 of the Abyss)
Scrolls
 e - a scroll of summoning {unknown}
 g - a scroll of teleportation {unknown}
 h - a scroll of random uselessness {unknown}
Comestibles
 c - a bread ration


   Skills:
 + Level 3.5 Fighting
 + Level 2.0 Axes
 + Level 1.8 Armour
 + Level 1.0 Dodging
 + Level 2.4 Invocations


You had one spell level left.
You didn't know any spells.

Dungeon Overview and Level Annotations

Branches:
Dungeon (1/15)

Altars:


Innate Abilities, Weirdness & Mutations

You have sharp fingernails.


Message History

You barely miss the rat. The rat bites you.
* * * LOW HITPOINT WARNING * * *
You closely miss the rat. The rat misses you.
You hit the rat.
The rat is heavily wounded.
The rat barely misses you.
You barely miss the rat.
The rat is heavily wounded.
The rat bites you but does no damage.
You hit the rat.
You kill the rat!
Lugonu accepts your kill.
Your Axes skill increases to level 2!
You see here a rat corpse.
You start resting.
All of the chunks of flesh in your inventory have rotted away.
HP restored.
Found a chain mail.
Found 10 gold pieces.
Are you sure you want to abandon this character and quit the game? (Confirm with "yes".)

......#.........†...#.... ##.
.......................... ##.#
..............)........#.# ##.##
.......................# ##.##.
................##....... #.####
................##.....### ##.###
.######..÷............## ##.##
............###..#....# ##.#
.........?......@#....# ##.
..................$..... ##
...#.................... ##(
...###....#...###[...... ##.#
...# #....#...###....... ##.##
...###.................. ##.##.
..........................##.##.#
..........................#.####.
..................>.......##.####


There were no monsters in sight!

Vanquished Creatures
  A dart slug (D:1)
  3 bats (D:1)
  A giant cockroach (D:1)
  2 kobolds (D:1)
  2 frilled lizards (D:1)
  3 rats (D:1)
12 creatures vanquished.

Notes
Turn   | Place    | Note
-------+----------+-------------------------------------------
     0 | Abyss:1  | Gargoyl the Demonspawn Abyssal Knight began the quest for the Orb.
     0 | Abyss:1  | Reached XP level 1. HP: 18/18 MP: 2/2
   109 | Abyss:3  | Noticed a smoke demon
   109 | Abyss:3  | Noticed a raiju
   110 | Abyss:3  | Noticed a lightning spire
   110 | Abyss:3  | Noticed a lightning spire
   110 | D:1      | Escaped the Abyss
   343 | D:1      | Reached skill level 1 in Dodging
   371 | D:1      | Gained mutation: You have sharp fingernails. [demonic ancestry]
   371 | D:1      | Reached XP level 2. HP: 12/24 MP: 3/3
   378 | D:1      | Reached * piety under Lugonu
   665 | D:1      | Quit the game

Skill      XL: |  1  2 |
---------------+-------+-----
Dodging        | 1 |  1.0
Axes           | 2 |  2.0
Fighting       | |  3.5
Armour         | |  1.8
Invocations    | |  2.4

Action                   || total
-------------------------++-------
Melee: Hand axe          ||    31
Invok: Depart the Abyss  ||     1
Armor: Leather armour    ||    19
Dodge: Dodged            ||    31
